 Dungeon Sprint DCSS version 0.20.1-1-g8b1a95d (webtiles) character file.

1239 Krajca the Basher (level 8, 0/82 HPs)
             Began as a Minotaur Fighter on Aug 13, 2017.
             Was a Follower of Okawaru.
             Shot with an arrow by a centaur warrior (2 damage)
             ... in the Dungeon (Sprint I: "Red Sonja").
             The game lasted 00:02:56 (668 turns).

Krajca the Basher (Minotaur Fighter)                 Turns: 668, Time: 00:02:57

Health: 0/82       AC:  6    Str: 21    XL:     8   Next: 25%
Magic:  7/7        EV:  9    Int:  5    God:    Okawaru [*.....]
Gold:   316        SH: 12    Dex: 12    Spells: 7/7 levels left

rFire    . . .     SeeInvis .   a - +0 flail
rCold    . . .     Gourm    .   c - +0 shield
rNeg     . . .     Faith    .   b - +0 scale mail
rPois    .         Spirit   .   (helmet restricted)
rElec    .         Reflect  .   (no cloak)
rCorr    .         Harm     .   (no gloves)
MR       .....     NoTele   +   (no boots)
Stlth    ..........             (no amulet)
Regen    0.3/turn               (no ring)
MPRegen  0.1/turn               (no ring)

@: no status effects
A: retaliatory headbutt, horns 2
a: Heroism, Renounce Religion


You were in the Dungeon.
You worshipped Okawaru.
Okawaru was aware of your devotion.
You were not hungry.

You visited 1 branch You collected 316 gold pieces.

Inventory:

Hand Weapons
 a - a +0 flail (weapon)
Armour
 b - a +0 scale mail (worn)
 c - a +0 shield (worn)
Wands
 l - a wand of random effects (27/48)
Scrolls
 k - a scroll of blinking
 n - a scroll of amnesia {unknown}
Potions
 d - a potion of might
 e - a potion of curing
 h - a potion of haste
 i - 2 potions of magic
 j - a potion of berserk rage
 m - a potion of mutation {unknown}
Comestibles
 f - a bread ration


   Skills:
 - Level 11.4 Fighting
 - Level 14.3 Maces & Flails
 - Level 3.6 Armour
 * Level 12.0 Shields


You had 7 spell levels left.
You didn't know any spells.

Dungeon Overview and Level Annotations

Branches:
Dungeon (1/1)

Altars:
Cheibriados
Dithmenos
Elyvilon
Fedhas
Gozag
Hepliaklqana
Kikubaaqudgha
Makhleb
Nemelex Xobeh
Okawaru
Qazlal
Ru
Sif Muna
Trog
Uskayaw
Vehumet
Xom
Yredelemnul
Zin
The Shining One
Jiyva
Lugonu

Shops:
D =


Innate Abilities, Weirdness & Mutations

You reflexively headbutt those who attack you in melee.
You have a pair of horns on your head.


Message History

* * * LOW HITPOINT WARNING * * *
You block the centaur warrior's attack. The centaur warrior hits you.
* * * LOW HITPOINT WARNING * * *
The centaur warrior hits you.
* * * LOW HITPOINT WARNING * * *
You sock the centaur warrior!
You kill the centaur warrior!
Okawaru is honoured by your kill.
You can now gain great but temporary skills.
Your Shields skill gained 9 levels and is now at level 12!
You have reached level 8!
You feel agile. You block the centaur warrior's attack.
You see here an arrow.
The centaur warrior wields an uncursed longbow.
The centaur warrior shoots an arrow.
You block the arrow.
There is an open door here.
You see here an arrow.
The centaur warrior shoots an arrow.
The arrow hits you.
You die...

###################
#<.#..)..#..'..#__#
#..').#..').#@.'^.+
#..#####'#####(#__# ##
#..####..#...#(####§(#
#..#__####..##.#§§§§c#
#..#_____##'#.)c§§§§§+
#⌠⌠#_.∩...'..._#§§§§§#
####_..__##_.#'##+####
#_____###+#.# #######
###


You could see a centaur warrior.

Vanquished Creatures
  A centaur warrior (D)
  A slime creature (D)
  Sigmund (D)
  A yak (D)
  An ogre (D)
  A jelly (D)
  Ijyb (D)
7 creatures vanquished.

Notes
Turn   | Place    | Note
-------+----------+-------------------------------------------
     0 | D        | Krajca the Minotaur Fighter began the quest for the Orb.
     0 | D        | Reached XP level 1. HP: 19/19 MP: 0/0
     1 | D        | Noticed Ijyb
     9 | D        | Killed Ijyb
     9 | D        | Reached skill level 7 in Maces & Flails
     9 | D        | Reached XP level 2. HP: 26/26 MP: 1/1
    15 | D        | Noticed an ogre
    22 | D        | Killed an ogre
    22 | D        | Reached skill level 11 in Maces & Flails
    22 | D        | Reached XP level 3. HP: 5/31 MP: 2/2
    22 | D        | Reached XP level 4. HP: 7/39 MP: 3/3
   366 | D        | Noticed Sigmund
   375 | D        | Killed Sigmund
   375 | D        | Reached skill level 14 in Maces & Flails
   375 | D        | Reached XP level 5. HP: 32/45 MP: 4/4
   375 | D        | Reached XP level 6. HP: 37/51 MP: 5/5
   469 | D        | Found a burning altar of Makhleb.
   469 | D        | Found a viscous altar of Jiyva.
   469 | D        | Found a shimmering altar of Xom.
   469 | D        | Found a corrupted altar of Lugonu.
   469 | D        | Noticed a slime creature
   474 | D        | Killed a slime creature
   582 | D        | Found a deep blue altar of Sif Muna.
   584 | D        | Found a radiant altar of Vehumet.
   614 | D        | Found Pop Baip's Jewellery Emporium.
   614 | D        | Found an ancient bone altar of Kikubaaqudgha.
   614 | D        | Found a hazy altar of Hepliaklqana.
   614 | D        | Found a stormy altar of Qazlal.
   614 | D        | Found a hide-covered altar of Uskayaw.
   614 | D        | Found a blossoming altar of Fedhas.
   614 | D        | Found a bloodstained altar of Trog.
   614 | D        | Found an iron altar of Okawaru.
   614 | D        | Found a basalt altar of Yredelemnul.
   614 | D        | Found a glowing golden altar of the Shining One.
   614 | D        | Found a snail-covered altar of Cheibriados.
   614 | D        | Found a sacrificial altar of Ru.
   614 | D        | Found a glowing silver altar of Zin.
   614 | D        | Found a shadowy altar of Dithmenos.
   614 | D        | Found a white marble altar of Elyvilon.
   614 | D        | Noticed a yak
   620 | D        | Killed a yak
   620 | D        | Reached XP level 7. HP: 54/74 MP: 6/6
   621 | D        | Found an opulent altar of Gozag.
   622 | D        | Found a sparkling altar of Nemelex Xobeh.
   628 | D        | Became a worshipper of Warmaster Okawaru
   647 | D        | Noticed a centaur warrior
   650 | D        | Noticed a centaur warrior
   663 | D        | HP: 1/74 [centaur warrior (5)]
   664 | D        | Killed a centaur warrior
   664 | D        | Reached * piety under Okawaru
   664 | D        | Reached XP level 8. HP: 1/82 MP: 7/7
   668 | D        | Shot with an arrow by a centaur warrior

Skill      XL: |  1  2  3  4  5  6  7 |
---------------+----------------------+-----
Maces & Flails | 7 11 14 | 14.3
Fighting       | 11 | 11.4
Shields        | 12 | 12.0
Armour         | |  3.6

Action                   |  1- 3 |  4- 6 |  7- 9 || total
-------------------------+-------+-------+-------++-------
Melee: Flail             |    13 |    18 |     5 ||    36
       Headbutt          |     4 |     7 |     2 ||    13
  Use: Potion            |       |       |     1 ||     1
Armor: Scale mail        |     1 |     1 |     2 ||     4
Dodge: Dodged            |     7 |     2 |     1 ||    10
Block: Shield            |     2 |     2 |     7 ||    11
